 Dungeon Crawl Stone Soup version 0.30-a0-359-gd0147acb1a (webtiles) character file.

Game seed: 12595438706168885774

70 sleeves the Slasher (level 4, 30/35 HPs)
             Began as a Demonspawn Monk on Nov 12, 2022.
             Quit the game on level 3 of the Dungeon.
             The game lasted 00:01:20 (1823 turns).

sleeves the Slasher (Demonspawn Monk)               Turns: 1823, Time: 00:01:21

Health: 30/35      AC:  7    Str: 11    XL:     4   Next: 4%
Magic:  4/4        EV: 11    Int: 11    God:
Gold:   90         SH:  0    Dex: 18    Spells: 3/3 levels left

rFire   . . .      SeeInvis .    a - +0 falchion
rCold   . . .      Faith    .    (no shield)
rNeg    . . .      Spirit   .    e - +0 ring mail
rPois   .          Reflect  .    (no helmet)
rElec   .          Harm     .    (no cloak)
rCorr   .          Rampage  .    (no gloves)
Will    .....                    h - +1 pair of boots
Stlth   +.........               (no amulet)
HPRegen 0.25/turn                (no ring)
MPRegen 0.09/turn                (no ring)

@: no status effects
A: foul stench 2, demonic touch 1
a: no special abilities


You were on level 3 of the Dungeon.
You visited 1 branch of the dungeon, and saw 3 of its levels.

You collected 90 gold pieces.

Inventory:

Hand Weapons
 a - a +0 falchion (weapon)
Armour
 e - a +0 ring mail (worn)
   (You found it on level 1 of the Dungeon)
 h - a +1 pair of boots (worn)
   (You found it on level 1 of the Dungeon)
 p - a +0 cloak
   (You found it on level 2 of the Dungeon)
Wands
 q - a wand of polymorph (7)
   (You found it on level 3 of the Dungeon)
Scrolls
 d - 2 scrolls of identify {unknown}
 g - a scroll of enchant weapon {unknown}
 j - a scroll of blinking {unknown}
 k - a scroll of noise {unknown}
 l - a scroll of fear {unknown}
 n - a scroll of summoning {unknown}
 r - a scroll of teleportation {unknown}
 s - a scroll of amnesia {unknown}
Potions
 b - 2 potions of degeneration {unknown}
 c - 3 potions of ambrosia
 f - a potion of cancellation {unknown}
 i - 3 potions of curing {unknown}
 m - a potion of heal wounds {unknown}
 o - 2 potions of berserk rage {unknown}
 t - a potion of mutation {unknown}


   Skills:
 - Level 3.0 Fighting
 + Level 4.5 Long Blades
 - Level 2.6 Dodging
 - Level 1.7 Stealth


You had 3 spell levels left.
You didn't know any spells.
Your spell library contained the following spells:

 Spells                   Type           Power      Damage    Failure   Level
 Summon Small Mammal      Summ           0%         N/A       65%         1
 Call Canine Familiar     Summ           0%         N/A       95%         3
 Summon Guardian Golem    Hex/Summ       0%         N/A       95%         3


Dungeon Overview and Level Annotations

Branches:
Dungeon (3/15)

Altars:
Makhleb


Innate Abilities, Weirdness & Mutations

You sometimes emit foul miasma when damaged in melee.
Your touch may inflict minor irresistible damage on your foes.


Message History

No target in view!
d - a scroll labelled ICVATIE YLAHO A bat comes into view.
A bat is nearby!
The bat closely misses you. The bat hits you.
You barely miss the bat. The bat closely misses you. The bat hits you.
You closely miss the bat. The bat hits you but does no damage.
You slash the bat!
You kill the bat!
Your Long Blades skill increases to level 3!
No target in view!
No target in view!
No target in view!
No target in view!
No target in view!
No target in view!
No target in view!
Search for what [? for help]? ring HP restored.
You see here a dart slug corpse.
Found a potion of ambrosia.
You see here a +0 ring mail.
e - a +0 ring mail You start removing your armour.
You continue taking off your +0 robe. x4
You finish taking off your +0 robe.
You start putting on your armour.
You continue putting on your +0 ring mail. x5
You finish putting on your +0 ring mail.
You drop a +0 robe.
A hobgoblin comes into view.
A hobgoblin is nearby!
A hobgoblin is nearby!
A hobgoblin is nearby!
You see here a potion of ambrosia.
The hobgoblin barely misses you.
You hit the hobgoblin.
The hobgoblin is almost dead.
The hobgoblin hits you.
You slash the hobgoblin!
You kill the hobgoblin!
No target in view!
No target in view!
No target in view!
No target in view!
No target in view!
c - 2 potions of ambrosia (gained 1)
You see here a hobgoblin corpse.
A goblin comes into view. It is wielding a +0 dagger.
The goblin shouts!
A goblin is nearby!
A goblin is nearby!
You hit the goblin.
You kill the goblin!
No target in view!
No target in view!
No target in view!
No target in view!
No target in view!
No target in view!
No target in view!
No target in view!
A frilled lizard comes into view.
A frilled lizard is nearby!
A frilled lizard is nearby!
A frilled lizard is nearby!
The frilled lizard hisses angrily.
The frilled lizard bites you.
You closely miss the frilled lizard. The frilled lizard closely misses you.
You hit the frilled lizard.
You kill the frilled lizard!
No target in view!
No target in view!
No target in view!
No target in view!
No target in view!
No target in view!
Found a stone staircase leading down.
A frilled lizard comes into view.
A frilled lizard is nearby!
Found a potion of ambrosia.
The frilled lizard hisses angrily.
The frilled lizard bites you but does no damage.
You closely miss the frilled lizard.
The frilled lizard bites you but does no damage.
You barely miss the frilled lizard.
The frilled lizard bites you but does no damage.
The frilled lizard closely misses you.
You slash the frilled lizard!
You kill the frilled lizard!
You have reached level 2!
Your demonic ancestry asserts itself...
You begin to emit a foul stench of rot and decay.
A goblin comes into view. It is wielding a +0 dagger.
The goblin shouts!
A goblin is nearby!
A goblin is nearby!
A goblin is nearby!
You see here a potion of ambrosia.
You barely miss the goblin. The goblin barely misses you.
You hit the goblin.
You kill the goblin!
No target in view!
No target in view!
No target in view!
No target in view!
No target in view!
No target in view!
No target in view!
No target in view!
c - 3 potions of ambrosia (gained 1)
You see here a +0 dagger.
Found a mace.
d - 2 scrolls labelled ICVATIE YLAHO (gained 1)
b - a silvery potion A quokka comes into view.
A quokka is nearby!
A ball python and a goblin come into view.
Found a metallic orange potion and 10 gold pieces.
The goblin shouts!
The quokka bites you but does no damage. x2
You see here a metallic orange potion.
The ball python hisses angrily.
You hit the quokka.
You kill the quokka!
The goblin hits you with a +0 club.
The ball python bites you but does no damage.
The ball python misses you.
You barely miss the ball python. The goblin hits you but does no damage.
The ball python bites you. The ball python grabs you.
The ball python constricts you.
You hit the ball python but do no damage.
The ball python bites you. The ball python constricts you.
The goblin hits you but does no damage.
You are too injured to fight recklessly!
You are too injured to fight recklessly!
You are too injured to fight recklessly!
You are too injured to fight recklessly!
You are too injured to fight recklessly!
You are too injured to fight recklessly!
You are too injured to fight recklessly!
You are too injured to fight recklessly!
You are too injured to fight recklessly!
You are too injured to fight recklessly!
You are too injured to fight recklessly!
You are too injured to fight recklessly!
You are too injured to fight recklessly!
You are too injured to fight recklessly!
You are too injured to fight recklessly!
You are too injured to fight recklessly!
You are too injured to fight recklessly!
You are too injured to fight recklessly!
You hit the goblin.
The goblin is severely wounded.
The ball python bites you but does no damage.
The ball python constricts you. The goblin hits you but does no damage.
The ball python barely misses you. The ball python constricts you.
The goblin hits you but does no damage.
You hit the goblin.
You kill the goblin!
The ball python barely misses you. The ball python constricts you.
You hit the ball python but do no damage.
The ball python bites you but does no damage.
The ball python constricts you.
You barely miss the ball python.
The ball python bites you but does no damage.
The ball python constricts you.
The ball python bites you but does no damage.
The ball python constricts you.
You hit the ball python.
The ball python is severely wounded.
The ball python closely misses you. The ball python constricts you.
You hit the ball python.
You kill the ball python!
f - a metallic orange potion You now have 10 gold pieces.
Found a falchion.
You now have 18 gold pieces (gained 8).
You see here a frilled lizard corpse.
A kobold comes into view. It is wielding a +0 short sword.
The kobold shouts!
A kobold is nearby!
The kobold hits you but does no damage.
You closely miss the kobold. You punch the kobold.
The kobold is severely wounded.
The kobold hits you but does no damage.
You hit the kobold.
You kill the kobold!
No target in view!
No target in view!
No target in view!
No target in view!
No target in view!
No target in view!
Found a stone staircase leading down.
Things that are here:
a +0 short sword; a kobold corpse
g - a scroll labelled OTRISHRAF IDUBB A goblin comes into view.
It is wielding a +0 dagger.
The goblin shouts!
The goblin barely misses you.
You hit the goblin.
The goblin is severely wounded.
The goblin hits you with a +0 dagger. x2
You barely miss the goblin.
The goblin is severely wounded.
The goblin hits you but does no damage.
You hit the goblin.
You kill the goblin!
No target in view!
No target in view!
No target in view!
No target in view!
No target in view!
Things that are here:
a +0 dagger; a goblin corpse You pick up a book of Callings and begin reading...
You add the spells Summon Small Mammal, Call Canine Familiar and Summon Guardian Golem to your library.
A frilled lizard comes into view.
A frilled lizard is nearby!
The frilled lizard hisses angrily.
A bat comes into view.
A quokka comes into view.
You hit the bat.
The bat is heavily wounded.
The bat barely misses you. The bat hits you.
You hit the bat.
The bat is severely wounded.
The bat closely misses you. The bat hits you but does no damage.
You hit the bat but do no damage.
The bat is heavily wounded.
The bat hits you but does no damage.
The frilled lizard unfolds its giant frill.
The frilled lizard bites you but does no damage.
You completely miss the frilled lizard. The bat closely misses you.
The frilled lizard closely misses you.
You barely miss the quokka. The bat closely misses you.
The frilled lizard bites you.
The quokka bites you but does no damage.
The bat closely misses you.
You miss the bat.
The bat is heavily wounded.
The bat closely misses you. The quokka closely misses you.
The frilled lizard barely misses you.
You closely miss the quokka. The quokka bites you.
The frilled lizard barely misses you. The bat barely misses you.
The quokka bites you.
You emit a cloud of foul miasma!
You hit the bat.
You kill the bat!
The frilled lizard completely misses you.
The quokka is engulfed in dark miasma.
The quokka is poisoned.
You kill the quokka!
The frilled lizard misses you.
You slash the frilled lizard!
You kill the frilled lizard!
Found a stone staircase leading down.
No target in view!
An endoplasm and a kobold come into view.
There are monsters nearby!
The endoplasm quivers.
The kobold shouts!
You hear a shout!
A hobgoblin comes into view.
The hobgoblin shouts!
You hit the endoplasm.
The endoplasm is lightly wounded.
The endoplasm barely misses you.
You hit the endoplasm.
The endoplasm is moderately wounded.
The endoplasm freezes you.
You are frozen.
The kobold hits you but does no damage.
You barely miss the endoplasm.
The endoplasm is moderately wounded.
The endoplasm freezes you.
You are frozen.
The kobold closely misses you. The hobgoblin misses you.
You hit the endoplasm but do no damage.
The endoplasm is moderately wounded.
The endoplasm freezes you.
You are frozen.
The kobold hits you with a +0 club. The hobgoblin closely misses you.
You are too injured to fight recklessly!
You are too injured to fight recklessly!
You are too injured to fight recklessly!
You are too injured to fight recklessly!
You are too injured to fight recklessly!
You are too injured to fight recklessly!
You are too injured to fight recklessly!
You are too injured to fight recklessly!
You are too injured to fight recklessly!
You are too injured to fight recklessly!
There are monsters nearby!
There are monsters nearby!
The hobgoblin closely misses you. The hobgoblin attacks as you move away!
The hobgoblin barely misses you. The hobgoblin hits you.
The hobgoblin attacks as you move away! The hobgoblin barely misses you.
The endoplasm attacks as you move away!
The endoplasm hits you but does no damage.
Found a pair of glowing boots.
The endoplasm attacks as you move away!
The endoplasm hits you but does no damage.
The endoplasm attacks as you move away!
The endoplasm hits you but does no damage.
You completely miss the endoplasm.
The endoplasm is moderately wounded.
The endoplasm hits you but does no damage.
You hit the endoplasm.
You kill the endoplasm!
You closely miss the kobold. The kobold closely misses you.
You hit the kobold.
The kobold is severely wounded.
The kobold hits you with a +0 club.
You are too injured to fight recklessly!
You are too injured to fight recklessly!
You are too injured to fight recklessly!
You are too injured to fight recklessly!
You are too injured to fight recklessly!
You are too injured to fight recklessly!
You are too injured to fight recklessly!
You are too injured to fight recklessly!
You are too injured to fight recklessly!
You are too injured to fight recklessly!
You are too injured to fight recklessly!
You are too injured to fight recklessly!
You are too injured to fight recklessly!
You are too injured to fight recklessly!
You are too injured to fight recklessly!
You are too injured to fight recklessly!
You are too injured to fight recklessly!
You are too injured to fight recklessly!
You are too injured to fight recklessly!
You closely miss the kobold.
The kobold is severely wounded.
The kobold hits you but does no damage. The kobold hits you with a +0 club.
* * * LOW HITPOINT WARNING * * *
You hit the kobold but do no damage.
The kobold is severely wounded.
The kobold closely misses you.
You hit the kobold but do no damage.
The kobold is severely wounded.
The kobold closely misses you.
You hit the kobold but do no damage.
The kobold is severely wounded.
The kobold hits you but does no damage.
You hit the kobold but do no damage.
The kobold is severely wounded.
The kobold hits you but does no damage.
You closely miss the kobold.
The kobold is severely wounded.
The kobold closely misses you.
You slash the kobold!
You kill the kobold!
You slash the hobgoblin!
You kill the hobgoblin!
Things that are here:
a +0 club; a kobold corpse
h - a +1 pair of boots You start putting on your armour.
You continue putting on your +1 pair of boots. x4
You finish putting on your +1 pair of boots.
i - a fuming white potion
Things that are here:
a +0 club; a kobold corpse
j - a scroll labelled TOGELA YSKAMIS
There is a stone staircase leading down here.
A kobold comes into view. It is wielding a +0 short sword.
A kobold is nearby!
The kobold hits you with a +0 short sword.
You closely miss the kobold. The kobold hits you but does no damage.
You slash the kobold!
You kill the kobold!
No target in view!
No target in view!
No target in view!
No target in view!
No target in view!
No target in view!
No target in view!
Things that are here:
a +0 short sword; 4 stones; a kobold corpse
k - a scroll labelled ZEDULO TULA You see here a bat corpse.
A hobgoblin comes into view.
A hobgoblin is nearby!
A hobgoblin is nearby!
Found 8 gold pieces.
The hobgoblin shouts!
The hobgoblin hits you but does no damage.
You barely miss the hobgoblin.
The hobgoblin hits you but does no damage.
You hit the hobgoblin.
The hobgoblin is severely wounded.
The hobgoblin closely misses you.
You slash the hobgoblin!
You kill the hobgoblin!
No target in view!
No target in view!
No target in view!
No target in view!
No target in view!
You see here a hobgoblin corpse.
You now have 26 gold pieces (gained 8).
Done exploring.
Done exploring.
Done exploring.
No target in view!
No target in view!
No target in view!
No target in view!
No target in view!
No target in view!
No target in view!
Done exploring.
Done exploring.
Done exploring.
(D) Dungeon
Where to? (Enter - D:1 @ (x,y), ? - help)
There is a stone staircase leading down here.
You climb downwards.
The endoplasm quivers.
There is a stone staircase leading up here.
An endoplasm is nearby!
An endoplasm is nearby!
An endoplasm is nearby!
An endoplasm is nearby!
The endoplasm freezes you.
You are frozen.
You barely miss the endoplasm. The endoplasm misses you.
You slash the endoplasm!
You kill the endoplasm!
No target in view!
No target in view!
No target in view!
No target in view!
No target in view!
No target in view!
No target in view!
HP restored.
Found a stone staircase leading down.
You now have 29 gold pieces (gained 3).
Found a trident.
A ball python comes into view.
The ball python closely misses you. The ball python grabs you.
The ball python constricts you.
You closely miss the ball python.
The ball python bites you but does no damage.
The ball python constricts you.
You hit the ball python.
You kill the ball python!
You have reached level 3!
Your experience leads to an increase in your attributes!
Increase (S)trength, (I)ntelligence, or (D)exterity?
You feel agile. x2; Your demonic ancestry asserts itself...
Your foul stench grows more powerful.
Found 3 poisoned darts.
i - 2 fuming white potions (gained 1)
A bat comes into view.
A bat is nearby!
A bat is nearby!
The bat misses you. The bat hits you but does no damage.
You hit the bat.
You kill the bat!
No target in view!
No target in view!
No target in view!
No target in view!
No target in view!
No target in view!
No target in view!
No target in view!
You open the door.
A bat comes into view.
There is an open door here.
A bat is nearby!
A bat is nearby!
The helpless bat fails to defend itself.
You hit the bat.
You kill the bat!
No target in view!
No target in view!
No target in view!
No target in view!
No target in view!
No target in view!
No target in view!
No target in view!
No target in view!
No target in view!
l - a scroll labelled YSI MAFUXKEXZA
b - 2 silvery potions (gained 1)
m - a blue potion
Found a ring mail.
No target in view!
No target in view!
No target in view!
No target in view!
No target in view!
No target in view!
No target in view!
No target in view!
No target in view!
No target in view!
No target in view!
No target in view!
A rat comes into view.
A rat is nearby!
A rat is nearby!
Found a scroll labelled QACYULLOURY.
You hit the rat but do no damage. The rat completely misses you.
You hit the rat but do no damage. The rat closely misses you.
You hit the rat.
The rat is moderately wounded.
The rat bites you but does no damage. x2
You hit the rat.
The rat is severely wounded.
The rat bites you but does no damage.
You slash the rat!
You kill the rat!
No target in view!
No target in view!
No target in view!
No target in view!
A hobgoblin comes into view.
A hobgoblin is nearby!
A hobgoblin is nearby!
A hobgoblin is nearby!
The hobgoblin shouts!
The hobgoblin hits you but does no damage.
You hit the hobgoblin.
You kill the hobgoblin!
No target in view!
No target in view!
No target in view!
No target in view!
No target in view!
No target in view!
No target in view!
No target in view!
n - a scroll labelled QACYULLOURY A bat comes into view.
A bat is nearby!
The bat closely misses you.
You barely miss the bat. The bat misses you.
The bat hits you but does no damage.
You hit the bat.
You kill the bat!
No target in view!
No target in view!
No target in view!
No target in view!
No target in view!
No target in view!
No target in view!
You see here a bat corpse.
Found a burning altar of Makhleb.
A kobold comes into view. It is wielding a +0 short sword.
The kobold shouts!
The kobold throws a stone.
The stone hits you but does no damage.
A kobold is nearby!
The kobold throws a stone.
The stone hits you.
The kobold throws a stone.
The stone misses you.
The kobold throws a stone.
The stone hits you but does no damage.
A dart slug comes into view.
The kobold hits you but does no damage.
You hit the kobold but do no damage. The kobold hits you but does no damage.
You closely miss the kobold. The kobold hits you but does no damage.
You hit the kobold.
You kill the kobold!
Things that are here:
a +0 short sword; 5 stones You hit the dart slug.
The dart slug is moderately wounded.
The dart slug closely misses you.
You hit the dart slug.
The dart slug is severely wounded.
You hit the dart slug.
You kill the dart slug!
Your Long Blades skill increases to level 4!
No target in view!
No target in view!
You now have 38 gold pieces (gained 9).
You open the door.
There is an open door here.
Found a ring mail.
You see here a +0 ring mail.
You now have 55 gold pieces (gained 17).
Found a stone staircase leading up.
You now have 66 gold pieces (gained 11).
Found a leather armour.
No target in view!
No target in view!
No target in view!
No target in view!
No target in view!
No target in view!
No target in view!
No target in view!
No target in view!
No target in view!
No target in view!
No target in view!
A bat comes into view.
A bat is nearby!
A bat is nearby!
A bat is nearby!
A rat comes into view.
The bat barely misses you. The bat hits you but does no damage.
You barely miss the bat. The bat closely misses you. The bat hits you.
The rat barely misses you.
You hit the rat but do no damage. The bat hits you but does no damage.
The rat barely misses you.
You hit the rat.
The rat is heavily wounded.
The bat hits you but does no damage. The rat barely misses you.
You hit the rat but do no damage.
The rat is heavily wounded.
The bat closely misses you. The bat hits you but does no damage.
The rat bites you. The bat hits you.
You barely miss the rat.
The rat is heavily wounded.
The rat closely misses you.
You slash the rat!
You kill the rat!
The bat hits you but does no damage. The bat closely misses you.
The bat closely misses you. x2
You slash the bat!
You kill the bat!
No target in view! 2 kobolds and a worm come into view.
The kobold shouts!
There are monsters nearby!
There are monsters nearby!
You barely miss the worm. The worm barely misses you.
You slash the worm!
The worm is moderately wounded.
The kobold closely misses you.
You barely miss the worm.
The worm is moderately wounded.
The kobold completely misses you. The kobold hits you with a +0 dagger.
The worm barely misses you.
You hit the worm.
The worm is severely wounded.
The kobold hits you but does no damage. The kobold closely misses you.
The worm bites you but does no damage.
You barely miss the worm.
The worm is severely wounded.
The kobold hits you but does no damage. The kobold misses you.
You barely miss the worm.
The worm is severely wounded.
The kobold hits you but does no damage. x2; The worm barely misses you.
You barely miss the worm.
The worm is heavily wounded.
The kobold closely misses you. The kobold misses you.
You hit the worm.
The worm is almost dead.
The kobold closely misses you. The kobold hits you with a +0 dagger.
The worm bites you.
You completely miss the worm.
The worm is almost dead.
The kobold barely misses you. The kobold closely misses you.
The worm bites you but does no damage.
You slash the worm!
You kill the worm!
The kobold barely misses you. x2; The kobold closely misses you.
The kobold hits you but does no damage.
You closely miss the kobold.
The kobold hits you but does no damage. x2
You hit the kobold.
You kill the kobold!
The kobold closely misses you.
You closely miss the kobold. The kobold hits you with a +0 club.
You hit the kobold.
You kill the kobold!
No target in view!
No target in view!
No target in view!
No target in view!
No target in view!
No target in view!
No target in view!
No target in view!
No target in view!
No target in view!
No target in view!
No target in view!
No target in view!
No target in view!
No target in view!
Things that are here:
a +0 club; a kobold corpse You now have 72 gold pieces (gained 6).
A goblin comes into view. It is wielding a +0 club.
The goblin shouts!
A goblin is nearby!
A goblin is nearby!
A goblin is nearby!
You miss the goblin. The goblin hits you with a +0 club.
You hit the goblin.
The goblin is moderately wounded.
The goblin hits you but does no damage.
You slash the goblin!
You kill the goblin!
No target in view!
No target in view!
No target in view!
No target in view!
No target in view!
No target in view!
No target in view!
No target in view!
Things that are here:
a +0 club; a goblin corpse
o - a bubbling purple potion
Found a stone staircase leading down.
Found a scale mail.
No target in view!
No target in view!
No target in view!
No target in view!
No target in view!
No target in view!
No target in view!
No target in view!
No target in view!
No target in view!
No target in view!
There is a stone staircase leading down here.
An orc comes into view. It is wielding a +0 dagger.
An orc is nearby!
An orc is nearby!
An orc is nearby!
The orc shouts!
The orc barely misses you.
You hit the orc.
The orc is almost dead.
The orc closely misses you.
You slash the orc!
You kill the orc!
No target in view!
No target in view!
No target in view!
No target in view!
No target in view!
No target in view!
No target in view!
No target in view!
No target in view!
No target in view!
No target in view!
No target in view!
No target in view!
No target in view!
No target in view!
Things that are here:
a +0 dagger; a +0 leather armour
o - 2 bubbling purple potions (gained 1)
Found a stone staircase leading down.
There is a stone staircase leading down here.
You now have 84 gold pieces (gained 12).
Found a stone staircase leading up.
A rat comes into view.
A rat is nearby!
You closely miss the rat.
The rat twitches its whiskers.
The rat completely misses you. The rat misses you.
You closely miss the rat. The rat barely misses you.
You barely miss the rat. The rat barely misses you.
You closely miss the rat. The rat bites you but does no damage.
You slash the rat!
You kill the rat!
No target in view!
No target in view!
No target in view!
No target in view!
A worm comes into view.
A worm is nearby!
A worm is nearby!
The helpless worm fails to defend itself.
You hit the worm.
The worm is lightly wounded.
The worm barely misses you.
You slash the worm!
The worm is heavily wounded.
You slash the worm!
The worm is almost dead.
The worm bites you but does no damage.
You hit the worm.
You kill the worm!
No target in view!
No target in view!
No target in view!
No target in view!
No target in view!
You see here a worm corpse.
i - 3 fuming white potions (gained 1)
A rat comes into view.
A rat is nearby!
A rat is nearby!
You hit the rat.
You kill the rat!
No target in view!
No target in view!
No target in view!
No target in view!
No target in view!
No target in view!
No target in view!
No target in view!
p - a +0 cloak A giant cockroach comes into view.
A giant cockroach is nearby!
You hit the giant cockroach.
The giant cockroach is moderately wounded.
The giant cockroach bites you but does no damage.
You slash the giant cockroach!
You kill the giant cockroach!
No target in view!
No target in view!
No target in view!
No target in view!
No target in view!
No target in view!
No target in view!
Done exploring.
Done exploring.
Done exploring.
Done exploring.
No target in view!
(D) Dungeon
Where to? (Enter - D:2, ? - help)
There is a stone staircase leading down here.
You climb downwards.
There is a stone staircase leading up here.
A quokka is nearby!
A quokka is nearby!
A quokka is nearby!
A quokka is nearby!
You closely miss the quokka.
The quokka bites you but does no damage.
You hit the quokka.
The quokka is lightly wounded.
The quokka bites you but does no damage.
You slash the quokka!
You kill the quokka!
No target in view!
No target in view!
No target in view!
No target in view!
No target in view!
No target in view!
A frilled lizard comes into view.
The frilled lizard hisses angrily.
A frilled lizard is nearby!
A frilled lizard is nearby!
A frilled lizard is nearby!
The frilled lizard barely misses you.
You hit the frilled lizard.
You kill the frilled lizard!
No target in view!
No target in view!
No target in view!
No target in view!
No target in view!
No target in view!
No target in view!
No target in view!
No target in view!
You see here a frilled lizard corpse.
A ball python comes into view.
The ball python hisses angrily.
A ball python is nearby!
A ball python is nearby!
You hit the ball python.
You kill the ball python!
No target in view!
No target in view!
No target in view!
No target in view!
No target in view!
No target in view!
No target in view!
No target in view!
No target in view!
No target in view!
Found a stone staircase leading up.
A goblin and a bat come into view.
There are monsters nearby!
You closely miss the bat.
The goblin shouts!
The bat hits you but does no damage. The bat barely misses you.
You hit the goblin.
The goblin is heavily wounded.
The bat closely misses you. The goblin hits you but does no damage.
You hit the goblin.
You kill the goblin!
The bat hits you but does no damage.
You slash the bat!
You kill the bat!
No target in view!
No target in view!
No target in view!
No target in view!
No target in view!
You see here a +0 club.
An endoplasm comes into view.
An endoplasm is nearby!
You barely miss the endoplasm. The endoplasm freezes you.
You are frozen.
The endoplasm closely misses you.
You slash the endoplasm!
You kill the endoplasm!
No target in view!
No target in view!
No target in view!
No target in view!
No target in view!
No target in view!
No target in view!
HP restored.
q - a wand of polymorph (7)
An endoplasm comes into view.
Found a stone staircase leading down.
An endoplasm is nearby!
Found a scroll labelled WUFELA PYUHUT.
Found 6 gold pieces.
The endoplasm quivers.
The endoplasm freezes you.
You are frozen.
You hit the endoplasm.
The endoplasm is severely wounded.
The endoplasm freezes you.
You are frozen.
You slash the endoplasm!
You kill the endoplasm!
No target in view!
No target in view!
No target in view!
No target in view!
No target in view!
No target in view!
r - a scroll labelled WUFELA PYUHUT You now have 90 gold pieces (gained 6).
Found a stone staircase leading down.
s - a scroll labelled KAOX PAQUMEYVE No target in view!
No target in view!
No target in view!
No target in view!
No target in view!
No target in view!
No target in view!
No target in view!
No target in view!
No target in view!
No target in view!
A frilled lizard comes into view.
A frilled lizard is nearby!
A frilled lizard is nearby!
A frilled lizard is nearby!
The helpless frilled lizard fails to defend itself.
You hit the frilled lizard.
The frilled lizard is heavily wounded.
The frilled lizard bites you but does no damage.
You closely miss the frilled lizard.
The frilled lizard is heavily wounded.
The frilled lizard bites you but does no damage.
You hit the frilled lizard.
You kill the frilled lizard!
No target in view!
No target in view!
No target in view!
No target in view!
No target in view!
No target in view!
No target in view!
No target in view!
t - an emerald potion An adder comes into view.
An adder is nearby!
An adder is nearby!
The adder closely misses you. The adder bites you but does no damage.
You barely miss the adder. The adder bites you.
You barely miss the adder. The adder barely misses you.
You hit the adder.
The adder is lightly wounded.
The adder bites you. The adder bites you but does no damage.
You hit the adder.
The adder is heavily wounded.
The adder bites you.
You emit a cloud of foul miasma!
You miss the adder.
The adder is heavily wounded.
The adder is engulfed in dark miasma.
The adder is poisoned.
The adder misses you.
The adder is engulfed in dark miasma.
The adder looks even sicker.
You kill the adder!
You have reached level 4!
You feel agile.
Your demonic ancestry asserts itself...
Your hands begin to faintly glow with unholy energy.
Are you sure you want to abandon this character and quit the game? (Confirm with "yes".)

########..###
#..........#
#.#####..#.# #.
#..#.# #. #..#.#
#. ####..#.# #.
#.....#.#
#####ยง##.##.##.#
#.....@.#...##.#
#.###.##.#####.#
#..........#
####.####### #.#
#.# #.# #.# #.#


There were no monsters in sight!

Vanquished Creatures
  An adder (D:3)
  2 worms (D:2)
  2 dart slugs
  An orc (D:2)
  3 ball pythons
  4 endoplasms
  A giant cockroach (D:2)
  6 goblins
  4 hobgoblins
  6 kobolds
  3 quokkas
  7 bats
  5 frilled lizards
  5 rats
50 creatures vanquished.

Notes
Turn   | Place    | Note
-------+----------+-------------------------------------------
     0 | D:1      | sleeves the Demonspawn Monk began the quest for the Orb.
     0 | D:1      | Reached XP level 1. HP: 18/18 MP: 1/1
    41 | D:1      | Reached skill level 3 in Long Blades
   225 | D:1      | Gained mutation: You may rarely emit foul miasma when
                  | damaged in melee. [demonic ancestry]
   225 | D:1      | Reached XP level 2. HP: 24/24 MP: 2/2
   576 | D:1      | HP: 11/24 [kobold/+0 club (2)]
   852 | D:2      | Gained mutation: You sometimes emit foul miasma when
                  | damaged in melee. [demonic ancestry]
   852 | D:2      | Reached XP level 3. HP: 29/29 MP: 3/3
   985 | D:2      | Found a burning altar of Makhleb.
  1014 | D:2      | Reached skill level 4 in Long Blades
  1823 | D:3      | Gained mutation: Your touch may inflict minor irresistible
                  | damage on your foes. [demonic ancestry]
  1823 | D:3      | Reached XP level 4. HP: 30/35 MP: 4/4
  1823 | D:3      | Quit the game

Illustrated notes

Levels and vault maps discovered:
D:1:      lemuel_arrival_hallway, layout_loops_cross, minmay_unequal
D:2:      layout_basic, basic_altar
D:3:      layout_loops_ring

Skill      XL: |  1  2  3 |
---------------+----------+-----
Long Blades    | 3 4 |  4.5
Fighting       | |  3.0
Dodging        | |  2.6
Stealth        | |  1.7

Action                   |  1- 3 |  4- 6 || total
-------------------------+-------+-------++-------
Melee: Falchion          |   140 |       ||   140
       Punch             |     1 |       ||     1
 Stab: Sleeping          |     3 |       ||     3
Armor: Ring mail         |    71 |       ||    71
       Robe              |     1 |       ||     1
Dodge: Dodged            |    88 |       ||    88

Table legend: (Time is in decaauts)
 A = Elapsed time spent in this place.
 B = Non-inter-level travel time spent in this place.
 C = Inter-level travel time spent in this place.
 D = Time resting spent in this place.
 E = Time spent auto-exploring this place.
 F = Levels seen in this place.
 G = Mean time per level.
                   A        B        C        D        E       F      G
               +--------+--------+--------+--------+--------+-----+--------+
         Total |   1837 |   1772 |     65 |      0 |   1396 |   3 |  612.3 |
       Dungeon |   1837 |   1772 |     65 |      0 |   1396 |   3 |  612.3 |
               +--------+--------+--------+--------+--------+-----+--------+

Top non-repeatable levels by time:
     D:2: 866 daAuts
     D:1: 800 daAuts
     D:3: 170 daAuts
